[ AOE2 MATCH · #480462299 ]
Team RMTeutons vs Italians
[ REPLAY ANALYSIS · EXTRACTED FROM THE RECORDED GAME ]
Feudal
14:15
Castle
—
Imperial
—
| APM avg | 7.4 |
| APM peak | 40 |
| eAPM avg | 3.6 |
| Villagers / military | 31 / 3 |
Focus
⚔️ 14.8% · 🌾 85.2%
Militia ×1 · Spearman ×1 · Archer ×1
Feudal
11:56
Castle
24:24
Imperial
35:21
| APM avg | 16.4 |
| APM peak | 43 |
| eAPM avg | 11.5 |
| Villagers / military | 152 / 123 |
Focus
⚔️ 34.7% · 🌾 65.3%
Knight ×86 · Camel Scout ×15 · Scout Cavalry ×8 · Spearman ×6 · Skirmisher ×4 · War Elephant ×3
Feudal
11:42
Castle
20:12
Imperial
27:53
| APM avg | 10.2 |
| APM peak | 56 |
| eAPM avg | 6.8 |
| Villagers / military | 65 / 149 |
Focus
⚔️ 42.3% · 🌾 57.7%
Knight ×148 · Monk ×1
Feudal
12:29
Castle
25:35
Imperial
44:53
| APM avg | 7.9 |
| APM peak | 22 |
| eAPM avg | 6.5 |
| Villagers / military | 62 / 146 |
Focus
⚔️ 52.4% · 🌾 47.6%
Longbowman ×108 · Archer ×18 · Trebuchet (Packed) ×13 · Battering Ram ×6 · Monk ×1
Feudal
—
Castle
—
Imperial
—
| APM avg | 1.3 |
| APM peak | 56 |
| eAPM avg | 0.6 |
| Villagers / military | 10 / 0 |
Focus
⚔️ 5.1% · 🌾 94.9%
Feudal
10:49
Castle
20:40
Imperial
28:33
| APM avg | 14.3 |
| APM peak | 40 |
| eAPM avg | 9.6 |
| Villagers / military | 103 / 146 |
Focus
⚔️ 50.6% · 🌾 49.4%
Genoese Crossbowman ×97 · Unknown (882) ×63 · Hand Cannoneer ×47 · Monk ×1 · Militia ×1
Match map
Resources at game start + every placement click. Thick line = wall · dashed box = detected house wall. 🟡 gold · ⚪ stone · 🟢 berries · 🔶 boar · ⭕ relic
Inputs per minute
— Twixxo - - 东哥
Build order — Twixxo
83 actions detected in the replay
| 0:02 | Build | House |
| 0:19 | Create | Villager (Male) |
| 0:27 | Create | Villager (Male) |
| 0:30 | Research | Loom |
| 0:31 | Create | Villager (Male) |
| 1:00 | Create | Villager (Male) |
| 1:10 | Create | Villager (Male) |
| 2:00 | Build | Palisade Wall |
| 2:05 | Build | Palisade Wall |
| 2:29 | Build | House |
| 2:38 | Build | Lumber Camp |
| 2:53 | Create | Villager (Male) |
| 3:03 | Build | House |
| 3:26 | Create | Villager (Male) |
| 4:16 | Create | Villager (Male) |
| 4:38 | Create | Villager (Male) |
| 5:11 | Create | Villager (Male) |
| 5:29 | Build | House |
| 5:30 | Build | House |
| 5:35 | Create | Villager (Male) |
| 5:54 | Create | Villager (Male) |
| 6:24 | Create | Villager (Male) |
| 6:44 | Create | Villager (Male) |
| 7:30 | Create | Villager (Male) |
| 8:22 | Create | Villager (Male) |
| 8:33 | Build | Mill |
| 8:35 | Create | Villager (Male) |
| 9:19 | Create | Villager (Male) |
| 9:24 | Build | House |
| 9:47 | Build | Mining Camp |
| 9:56 | Build | Lumber Camp |
| 10:04 | Create | Villager (Male) |
| 10:17 | Create | Villager (Male) |
| 10:21 | Create | Villager (Male) |
| 10:40 | Build | Farm |
| 11:45 | Build | Farm |
| 12:05 | Research | Feudal Age |
| 12:48 | Build | Barracks |
| 12:58 | Create | Villager (Male) |
| 13:01 | Build | House |
| 13:32 | Create | Villager (Male) |
| 13:54 | Create | Militia |
| 14:02 | Build | Farm |
| 14:15 | Age | Feudal Age |
| 14:21 | Build | Farm |
| 14:24 | Create | Villager (Male) |
| 14:45 | Create | Villager (Male) |
| 15:07 | Build | Stone Wall |
| 15:13 | Build | Stone Wall |
| 15:19 | Create | Villager (Male) |
| 15:31 | Build | Blacksmith |
| 15:34 | Research | Double-Bit Axe |
| 15:35 | Research | Horse Collar |
| 15:42 | Build | Farm |
| 15:45 | Build | Farm |
| 16:14 | Build | Archery Range |
| 16:22 | Build | Watch Tower |
| 16:46 | Research | Gold Mining |
| 16:48 | Research | Stone Mining |
| 16:55 | Build | Farm |
| 16:57 | Build | Farm |
| 17:14 | Build | House |
| 17:56 | Build | Building 487 |
| 17:58 | Build | Stone Wall |
| 18:17 | Build | Mining Camp |
| 18:19 | Create | Villager (Male) |
| 18:23 | Build | Farm |
| 18:26 | Build | Farm |
| 18:29 | Create | Villager (Male) |
| 18:53 | Create | Spearman |
| 19:03 | Build | Farm |
| 19:09 | Create | Villager (Male) |
| 19:11 | Build | Farm |
| 19:50 | Build | Market |
| 20:01 | Build | House |
| 20:03 | Build | Farm |
| 20:05 | Research | Wheelbarrow |
| 20:27 | Create | Archer |
| 20:34 | Build | Farm |
| 20:36 | Create | Villager (Male) |
| 20:38 | Build | Farm |
| 21:18 | Build | Mining Camp |
| 21:19 | Create | Villager (Male) |
Build order — 东哥
First 150 of 479 actions detected
| 0:03 | Research | Loom |
| 0:03 | Research | Loom |
| 0:04 | Create | Villager (Male) |
| 0:04 | Create | Villager (Male) |
| 0:05 | Create | Villager (Male) |
| 0:05 | Create | Villager (Male) |
| 0:05 | Create | Villager (Male) |
| 0:11 | Build | House |
| 1:37 | Build | Palisade Wall |
| 2:24 | Build | House |
| 2:36 | Create | Villager (Male) |
| 2:36 | Create | Villager (Male) |
| 3:11 | Create | Villager (Male) |
| 3:12 | Create | Villager (Male) |
| 3:12 | Create | Villager (Male) |
| 3:57 | Create | Villager (Male) |
| 3:57 | Create | Villager (Male) |
| 3:57 | Create | Villager (Male) |
| 3:58 | Create | Villager (Male) |
| 4:30 | Build | Palisade Wall |
| 4:40 | Create | Villager (Male) |
| 4:40 | Create | Villager (Male) |
| 4:41 | Create | Villager (Male) |
| 4:52 | Build | Mill |
| 4:56 | Create | Villager (Male) |
| 4:56 | Create | Villager (Male) |
| 5:12 | Build | House |
| 5:35 | Create | Villager (Male) |
| 5:35 | Create | Villager (Male) |
| 5:35 | Create | Villager (Male) |
| 5:36 | Create | Villager (Male) |
| 5:48 | Build | House |
| 6:10 | Create | Villager (Male) |
| 6:11 | Create | Villager (Male) |
| 6:11 | Create | Villager (Male) |
| 6:36 | Build | House |
| 7:10 | Create | Villager (Male) |
| 7:10 | Create | Villager (Male) |
| 7:36 | Build | Lumber Camp |
| 7:45 | Create | Villager (Male) |
| 7:46 | Create | Villager (Male) |
| 7:46 | Create | Villager (Male) |
| 7:46 | Create | Villager (Male) |
| 9:53 | Research | Feudal Age |
| 9:53 | Research | Feudal Age |
| 9:53 | Research | Feudal Age |
| 10:20 | Build | Lumber Camp |
| 11:49 | Build | Mining Camp |
| 11:56 | Age | Feudal Age |
| 12:01 | Research | Wheelbarrow |
| 12:02 | Research | Wheelbarrow |
| 12:07 | Research | Double-Bit Axe |
| 12:08 | Research | Double-Bit Axe |
| 12:26 | Build | House |
| 12:52 | Build | Stone Wall |
| 13:02 | Build | Building 673 |
| 13:11 | Build | Watch Tower |
| 13:18 | Research | Horse Collar |
| 13:24 | Build | Farm |
| 13:27 | Research | Town Watch |
| 13:35 | Build | House |
| 13:40 | Build | House |
| 13:45 | Create | Villager (Male) |
| 13:45 | Create | Villager (Male) |
| 13:45 | Create | Villager (Male) |
| 13:51 | Build | Farm |
| 13:58 | Build | Farm |
| 14:06 | Build | Farm |
| 14:10 | Create | Villager (Male) |
| 14:10 | Create | Villager (Male) |
| 14:11 | Create | Villager (Male) |
| 14:11 | Create | Villager (Male) |
| 14:18 | Build | Farm |
| 14:35 | Build | Farm |
| 14:39 | Create | Villager (Male) |
| 14:39 | Create | Villager (Male) |
| 14:39 | Create | Villager (Male) |
| 14:54 | Build | Farm |
| 15:32 | Build | Market |
| 15:38 | Create | Villager (Male) |
| 15:39 | Create | Villager (Male) |
| 15:39 | Create | Villager (Male) |
| 15:39 | Create | Villager (Male) |
| 15:39 | Create | Villager (Male) |
| 16:06 | Build | Mining Camp |
| 16:44 | Build | Farm |
| 16:48 | Create | Villager (Male) |
| 16:48 | Create | Villager (Male) |
| 17:00 | Build | Mining Camp |
| 17:06 | Research | Gold Mining |
| 17:21 | Build | Farm |
| 17:39 | Build | Farm |
| 17:44 | Create | Villager (Male) |
| 17:45 | Create | Villager (Male) |
| 17:45 | Create | Villager (Male) |
| 17:45 | Create | Villager (Male) |
| 17:59 | Build | Barracks |
| 18:29 | Build | Farm |
| 18:33 | Create | Villager (Male) |
| 18:34 | Create | Villager (Male) |
| 18:34 | Create | Villager (Male) |
| 18:34 | Create | Villager (Male) |
| 18:44 | Build | Farm |
| 18:58 | Build | Blacksmith |
| 19:03 | Build | House |
| 19:19 | Build | Archery Range |
| 19:42 | Build | Farm |
| 19:44 | Build | Farm |
| 19:55 | Build | Farm |
| 20:01 | Build | House |
| 20:10 | Build | House |
| 20:11 | Build | House |
| 20:40 | Research | Stone Mining |
| 20:47 | Build | Farm |
| 21:08 | Build | House |
| 21:25 | Create | Villager (Male) |
| 21:25 | Create | Villager (Male) |
| 21:59 | Research | Castle Age |
| 23:31 | Build | Stone Wall |
| 23:49 | Build | Stone Wall |
| 23:56 | Build | Building 490 |
| 24:16 | Build | House |
| 24:19 | Build | House |
| 24:20 | Build | House |
| 24:22 | Build | House |
| 24:24 | Age | Castle Age |
| 24:24 | Build | House |
| 24:29 | Research | Hand Cart |
| 24:29 | Research | Hand Cart |
| 24:30 | Research | Town Patrol |
| 24:30 | Research | Town Patrol |
| 24:34 | Research | Bow Saw |
| 24:37 | Research | Heavy Plow |
| 24:49 | Research | Stone Shaft Mining |
| 24:50 | Research | Stone Shaft Mining |
| 25:18 | Build | Stable |
| 25:27 | Create | Villager (Male) |
| 25:35 | Create | Villager (Male) |
| 25:35 | Create | Villager (Male) |
| 25:35 | Create | Villager (Male) |
| 25:36 | Create | Villager (Male) |
| 25:36 | Create | Villager (Male) |
| 25:36 | Create | Villager (Male) |
| 25:55 | Create | Villager (Male) |
| 25:55 | Create | Villager (Male) |
| 25:56 | Create | Villager (Male) |
| 25:56 | Create | Villager (Male) |
| 25:56 | Create | Villager (Male) |
| 27:02 | Build | Watch Tower |
| 27:11 | Build | Stable |
Build order — beccTpawHuu
First 150 of 317 actions detected
| 0:03 | Create | Villager (Male) |
| 0:03 | Create | Villager (Male) |
| 0:03 | Create | Villager (Male) |
| 0:03 | Create | Villager (Male) |
| 0:04 | Create | Villager (Male) |
| 0:07 | Build | House |
| 0:12 | Build | House |
| 1:36 | Create | Villager (Male) |
| 2:13 | Build | Lumber Camp |
| 2:24 | Create | Villager (Male) |
| 2:25 | Create | Villager (Male) |
| 3:08 | Create | Villager (Male) |
| 3:08 | Create | Villager (Male) |
| 3:52 | Create | Villager (Male) |
| 3:55 | Create | Villager (Male) |
| 5:01 | Build | Mill |
| 5:18 | Create | Villager (Male) |
| 5:18 | Create | Villager (Male) |
| 5:18 | Create | Villager (Male) |
| 5:36 | Build | House |
| 5:39 | Build | House |
| 5:40 | Build | House |
| 6:31 | Create | Villager (Male) |
| 6:31 | Create | Villager (Male) |
| 6:58 | Create | Villager (Male) |
| 6:58 | Create | Villager (Male) |
| 7:35 | Build | Lumber Camp |
| 9:32 | Research | Feudal Age |
| 10:14 | Create | Villager (Male) |
| 10:14 | Create | Villager (Male) |
| 11:42 | Age | Feudal Age |
| 11:50 | Build | Farm |
| 11:54 | Build | Farm |
| 12:01 | Build | Farm |
| 12:08 | Build | Farm |
| 12:13 | Build | Farm |
| 12:18 | Build | Farm |
| 12:22 | Build | Farm |
| 12:32 | Create | Villager (Male) |
| 12:32 | Create | Villager (Male) |
| 12:32 | Create | Villager (Male) |
| 12:32 | Create | Villager (Male) |
| 12:33 | Create | Villager (Male) |
| 12:34 | Create | Villager (Male) |
| 12:34 | Create | Villager (Male) |
| 12:55 | Build | Farm |
| 13:06 | Build | Farm |
| 13:33 | Build | Blacksmith |
| 13:41 | Build | Market |
| 13:55 | Build | Mining Camp |
| 14:07 | Research | Wheelbarrow |
| 14:09 | Create | Villager (Male) |
| 14:10 | Create | Villager (Male) |
| 14:13 | Research | Double-Bit Axe |
| 15:14 | Build | Farm |
| 15:36 | Build | House |
| 15:38 | Build | House |
| 15:40 | Build | House |
| 15:42 | Build | House |
| 15:46 | Build | House |
| 16:04 | Build | Farm |
| 17:02 | Build | Farm |
| 17:07 | Build | Farm |
| 17:14 | Build | Farm |
| 17:23 | Build | Farm |
| 17:28 | Research | Castle Age |
| 18:21 | Build | House |
| 18:22 | Build | House |
| 18:24 | Build | House |
| 18:27 | Build | House |
| 18:33 | Build | House |
| 18:34 | Build | House |
| 18:36 | Build | House |
| 18:41 | Build | House |
| 18:43 | Build | House |
| 18:44 | Build | House |
| 18:46 | Build | House |
| 20:12 | Age | Castle Age |
| 20:20 | Create | Villager (Male) |
| 20:20 | Create | Villager (Male) |
| 20:20 | Create | Villager (Male) |
| 20:20 | Create | Villager (Male) |
| 20:24 | Create | Villager (Male) |
| 20:25 | Create | Villager (Male) |
| 20:27 | Create | Villager (Male) |
| 20:28 | Research | Hand Cart |
| 20:36 | Research | Bow Saw |
| 20:51 | Research | Gold Mining |
| 21:14 | Build | Monastery |
| 22:14 | Build | University |
| 22:17 | Create | Monk |
| 22:57 | Build | Mining Camp |
| 23:02 | Research | Gold Shaft Mining |
| 23:03 | Research | Stone Mining |
| 23:34 | Build | Barracks |
| 23:47 | Build | Farm |
| 24:43 | Research | Imperial Age |
| 25:41 | Build | Stable |
| 25:45 | Build | Stable |
| 27:53 | Age | Imperial Age |
| 28:36 | Build | Castle |
| 29:50 | Build | Lumber Camp |
| 29:57 | Create | Villager (Male) |
| 29:57 | Create | Villager (Male) |
| 29:57 | Create | Villager (Male) |
| 29:58 | Create | Villager (Male) |
| 29:59 | Create | Villager (Male) |
| 30:00 | Create | Villager (Male) |
| 30:21 | Research | Padded Archer Armor |
| 30:22 | Research | Fletching |
| 30:22 | Research | Forging |
| 30:23 | Research | Scale Barding Armor |
| 30:32 | Create | Villager (Male) |
| 30:32 | Create | Villager (Male) |
| 30:33 | Create | Villager (Male) |
| 31:00 | Research | Husbandry |
| 31:01 | Research | Cavalier (upgrade) |
| 31:47 | Build | Farm |
| 32:00 | Create | Villager (Male) |
| 32:00 | Create | Villager (Male) |
| 32:01 | Create | Villager (Male) |
| 32:02 | Create | Villager (Male) |
| 32:10 | Build | Farm |
| 32:38 | Build | Farm |
| 33:07 | Research | Paladin (upgrade) |
| 33:18 | Build | Farm |
| 33:30 | Build | Farm |
| 33:52 | Build | Farm |
| 34:41 | Create | Knight |
| 34:42 | Create | Knight |
| 34:42 | Create | Knight |
| 34:42 | Create | Knight |
| 34:42 | Create | Knight |
| 34:43 | Create | Knight |
| 34:43 | Create | Knight |
| 34:43 | Create | Knight |
| 34:43 | Create | Knight |
| 34:43 | Create | Knight |
| 34:44 | Create | Knight |
| 34:44 | Create | Knight |
| 34:44 | Create | Knight |
| 35:29 | Build | Farm |
| 35:36 | Build | Farm |
| 35:42 | Create | Villager (Male) |
| 35:42 | Create | Villager (Male) |
| 35:43 | Create | Villager (Male) |
| 35:44 | Create | Villager (Male) |
| 35:45 | Create | Villager (Male) |
| 36:11 | Research | Iron Casting |
| 36:13 | Research | Chain Barding Armor |
Build order — S.T.A.L.K.E.Rочок)
First 150 of 299 actions detected
| 0:03 | Create | Villager (Male) |
| 0:03 | Create | Villager (Male) |
| 0:03 | Create | Villager (Male) |
| 0:03 | Create | Villager (Male) |
| 0:04 | Create | Villager (Male) |
| 0:09 | Build | House |
| 0:14 | Build | House |
| 1:28 | Create | Villager (Male) |
| 1:28 | Create | Villager (Male) |
| 2:38 | Create | Villager (Male) |
| 2:38 | Create | Villager (Male) |
| 2:38 | Create | Villager (Male) |
| 3:11 | Create | Villager (Male) |
| 3:11 | Create | Villager (Male) |
| 3:36 | Build | House |
| 3:37 | Build | House |
| 3:54 | Create | Villager (Male) |
| 3:54 | Create | Villager (Male) |
| 4:01 | Create | Villager (Male) |
| 4:01 | Create | Villager (Male) |
| 4:21 | Create | Villager (Male) |
| 4:29 | Build | Lumber Camp |
| 4:43 | Create | Villager (Male) |
| 5:02 | Create | Villager (Male) |
| 5:55 | Create | Villager (Male) |
| 5:55 | Create | Villager (Male) |
| 6:08 | Create | Villager (Male) |
| 6:40 | Build | Mill |
| 6:48 | Create | Villager (Male) |
| 6:48 | Create | Villager (Male) |
| 7:40 | Create | Villager (Male) |
| 9:08 | Build | Mining Camp |
| 10:19 | Research | Feudal Age |
| 10:55 | Build | Farm |
| 10:56 | Build | Farm |
| 10:57 | Build | Farm |
| 11:20 | Build | Mill |
| 11:25 | Create | Villager (Male) |
| 11:36 | Build | Farm |
| 11:47 | Build | Lumber Camp |
| 12:29 | Age | Feudal Age |
| 12:47 | Research | Wheelbarrow |
| 13:23 | Research | Double-Bit Axe |
| 13:36 | Build | Farm |
| 14:01 | Research | Horse Collar |
| 14:15 | Create | Villager (Male) |
| 14:37 | Build | Farm |
| 14:38 | Build | Farm |
| 15:31 | Build | Mining Camp |
| 15:49 | Create | Villager (Male) |
| 15:49 | Create | Villager (Male) |
| 16:00 | Build | House |
| 16:22 | Create | Villager (Male) |
| 16:37 | Build | House |
| 16:39 | Build | House |
| 16:41 | Build | House |
| 16:42 | Build | House |
| 16:46 | Create | Villager (Male) |
| 16:46 | Create | Villager (Male) |
| 18:05 | Build | Farm |
| 18:13 | Build | Farm |
| 18:25 | Build | Farm |
| 18:43 | Build | Lumber Camp |
| 18:55 | Build | Farm |
| 18:56 | Build | Farm |
| 19:24 | Create | Villager (Male) |
| 19:24 | Create | Villager (Male) |
| 19:25 | Create | Villager (Male) |
| 19:59 | Create | Villager (Male) |
| 20:00 | Create | Villager (Male) |
| 20:01 | Create | Villager (Male) |
| 20:18 | Build | Blacksmith |
| 20:41 | Build | Barracks |
| 21:10 | Build | Barracks |
| 21:23 | Create | Villager (Male) |
| 21:24 | Create | Villager (Male) |
| 22:14 | Build | Archery Range |
| 22:55 | Research | Castle Age |
| 23:15 | Build | Lumber Camp |
| 23:47 | Build | Mining Camp |
| 24:52 | Research | Padded Archer Armor |
| 24:55 | Research | Fletching |
| 25:33 | Create | Villager (Male) |
| 25:33 | Create | Villager (Male) |
| 25:33 | Create | Villager (Male) |
| 25:33 | Create | Villager (Male) |
| 25:34 | Create | Villager (Male) |
| 25:35 | Age | Castle Age |
| 25:36 | Create | Villager (Male) |
| 25:43 | Research | Hand Cart |
| 25:43 | Create | Villager (Male) |
| 25:44 | Create | Villager (Male) |
| 25:44 | Create | Villager (Male) |
| 25:54 | Build | Monastery |
| 26:44 | Build | Castle |
| 26:58 | Create | Monk |
| 27:34 | Research | Leather Archer Armor |
| 27:42 | Research | Bodkin Arrow |
| 28:38 | Build | Mining Camp |
| 29:07 | Create | Longbowman |
| 29:07 | Create | Longbowman |
| 29:08 | Create | Longbowman |
| 29:09 | Create | Longbowman |
| 29:10 | Create | Longbowman |
| 29:45 | Build | Lumber Camp |
| 29:58 | Create | Villager (Male) |
| 29:59 | Create | Villager (Male) |
| 29:59 | Create | Villager (Male) |
| 29:59 | Create | Villager (Male) |
| 29:59 | Create | Villager (Male) |
| 30:00 | Create | Villager (Male) |
| 30:00 | Create | Villager (Male) |
| 30:02 | Create | Villager (Male) |
| 30:02 | Create | Villager (Male) |
| 30:15 | Create | Longbowman |
| 30:19 | Create | Longbowman |
| 30:47 | Build | House |
| 30:49 | Build | House |
| 30:52 | Build | House |
| 30:54 | Build | House |
| 30:56 | Build | House |
| 30:56 | Build | House |
| 31:08 | Create | Longbowman |
| 31:09 | Create | Longbowman |
| 31:10 | Create | Longbowman |
| 31:10 | Create | Longbowman |
| 31:22 | Create | Archer |
| 31:25 | Research | Crossbowman (upgrade) |
| 31:34 | Create | Longbowman |
| 31:34 | Create | Longbowman |
| 32:00 | Create | Villager (Male) |
| 32:00 | Create | Villager (Male) |
| 32:51 | Create | Villager (Male) |
| 32:51 | Create | Villager (Male) |
| 32:55 | Create | Longbowman |
| 32:56 | Create | Longbowman |
| 32:56 | Create | Longbowman |
| 32:57 | Create | Longbowman |
| 33:14 | Create | Archer |
| 33:14 | Create | Archer |
| 33:15 | Create | Archer |
| 33:16 | Create | Archer |
| 33:16 | Create | Archer |
| 33:32 | Research | Bow Saw |
| 33:37 | Research | Heavy Plow |
| 33:41 | Research | Gold Mining |
| 33:46 | Research | Stone Mining |
| 34:11 | Create | Longbowman |
| 34:13 | Create | Longbowman |
| 34:15 | Create | Longbowman |
Build order — ♛ ✩GR✔ ☜.☯.☞
21 actions detected in the replay
| 0:03 | Create | Villager (Male) |
| 0:03 | Create | Villager (Male) |
| 0:03 | Create | Villager (Male) |
| 0:04 | Create | Villager (Male) |
| 0:04 | Create | Villager (Male) |
| 0:04 | Create | Villager (Male) |
| 0:08 | Build | House |
| 0:08 | Build | House |
| 0:08 | Build | House |
| 0:08 | Build | House |
| 0:09 | Build | House |
| 0:09 | Build | House |
| 0:10 | Build | House |
| 0:10 | Build | House |
| 0:10 | Build | House |
| 0:55 | Research | Loom |
| 1:11 | Build | Palisade Wall |
| 2:00 | Create | Villager (Male) |
| 2:00 | Create | Villager (Male) |
| 2:40 | Create | Villager (Male) |
| 2:40 | Create | Villager (Male) |
Build order — roman428
First 150 of 426 actions detected
| 0:05 | Build | House |
| 0:07 | Build | House |
| 0:10 | Create | Villager (Male) |
| 0:10 | Create | Villager (Male) |
| 0:10 | Create | Villager (Male) |
| 0:11 | Create | Villager (Male) |
| 0:11 | Create | Villager (Male) |
| 1:29 | Create | Villager (Male) |
| 1:29 | Create | Villager (Male) |
| 2:38 | Create | Villager (Male) |
| 2:38 | Create | Villager (Male) |
| 2:38 | Create | Villager (Male) |
| 3:13 | Create | Villager (Male) |
| 3:13 | Create | Villager (Male) |
| 3:13 | Create | Villager (Male) |
| 3:26 | Build | House |
| 3:29 | Create | Villager (Male) |
| 3:29 | Create | Villager (Male) |
| 4:27 | Build | Mill |
| 4:37 | Create | Villager (Male) |
| 4:37 | Create | Villager (Male) |
| 4:37 | Create | Villager (Male) |
| 4:38 | Create | Villager (Male) |
| 4:38 | Create | Villager (Male) |
| 5:05 | Create | Villager (Male) |
| 5:06 | Create | Villager (Male) |
| 5:45 | Create | Villager (Male) |
| 5:45 | Create | Villager (Male) |
| 5:52 | Build | Lumber Camp |
| 7:38 | Build | Farm |
| 7:48 | Build | Farm |
| 7:56 | Build | Farm |
| 8:12 | Build | Farm |
| 8:39 | Research | Feudal Age |
| 8:51 | Build | Farm |
| 9:33 | Build | House |
| 10:17 | Create | Villager (Male) |
| 10:18 | Create | Villager (Male) |
| 10:18 | Create | Villager (Male) |
| 10:18 | Create | Villager (Male) |
| 10:49 | Age | Feudal Age |
| 10:52 | Research | Wheelbarrow |
| 10:55 | Research | Double-Bit Axe |
| 10:59 | Research | Horse Collar |
| 11:20 | Build | Lumber Camp |
| 11:26 | Create | Villager (Male) |
| 11:26 | Create | Villager (Male) |
| 11:26 | Create | Villager (Male) |
| 11:27 | Create | Villager (Male) |
| 11:27 | Create | Villager (Male) |
| 11:27 | Create | Villager (Male) |
| 11:39 | Build | Farm |
| 12:09 | Build | Mining Camp |
| 12:20 | Build | House |
| 13:00 | Create | Villager (Male) |
| 13:00 | Create | Villager (Male) |
| 13:00 | Create | Villager (Male) |
| 13:18 | Build | Market |
| 13:46 | Build | Blacksmith |
| 14:16 | Build | Mining Camp |
| 14:33 | Create | Villager (Male) |
| 14:34 | Create | Villager (Male) |
| 15:08 | Build | Farm |
| 15:11 | Create | Villager (Male) |
| 15:34 | Build | House |
| 15:38 | Build | Farm |
| 16:05 | Build | Farm |
| 16:30 | Build | Farm |
| 16:40 | Build | House |
| 16:48 | Build | House |
| 16:50 | Build | House |
| 16:54 | Build | Mining Camp |
| 17:57 | Research | Loom |
| 17:58 | Research | Castle Age |
| 17:58 | Research | Castle Age |
| 18:38 | Build | Farm |
| 18:44 | Build | Farm |
| 19:38 | Build | Farm |
| 20:40 | Age | Castle Age |
| 20:41 | Research | Bow Saw |
| 20:41 | Research | Bow Saw |
| 20:44 | Research | Heavy Plow |
| 20:46 | Research | Hand Cart |
| 20:59 | Build | Castle |
| 21:17 | Research | Gold Mining |
| 21:21 | Create | Villager (Male) |
| 21:21 | Create | Villager (Male) |
| 21:21 | Create | Villager (Male) |
| 21:22 | Create | Villager (Male) |
| 21:22 | Create | Villager (Male) |
| 22:02 | Build | Monastery |
| 22:33 | Create | Monk |
| 23:09 | Build | Lumber Camp |
| 23:18 | Create | Villager (Male) |
| 23:18 | Create | Villager (Male) |
| 23:19 | Create | Villager (Male) |
| 23:19 | Create | Villager (Male) |
| 23:19 | Create | Villager (Male) |
| 23:19 | Create | Villager (Male) |
| 23:20 | Create | Villager (Male) |
| 23:20 | Create | Villager (Male) |
| 23:20 | Create | Villager (Male) |
| 23:20 | Create | Villager (Male) |
| 23:21 | Create | Villager (Male) |
| 24:02 | Create | Villager (Male) |
| 24:03 | Create | Villager (Male) |
| 24:27 | Create | Genoese Crossbowman |
| 24:28 | Create | Genoese Crossbowman |
| 24:28 | Create | Genoese Crossbowman |
| 24:28 | Create | Genoese Crossbowman |
| 24:28 | Create | Genoese Crossbowman |
| 24:29 | Create | Genoese Crossbowman |
| 24:29 | Create | Genoese Crossbowman |
| 24:29 | Create | Genoese Crossbowman |
| 24:29 | Create | Genoese Crossbowman |
| 25:12 | Research | Imperial Age |
| 26:21 | Create | Genoese Crossbowman |
| 26:21 | Create | Genoese Crossbowman |
| 26:21 | Create | Genoese Crossbowman |
| 26:21 | Create | Genoese Crossbowman |
| 26:22 | Create | Genoese Crossbowman |
| 26:22 | Create | Genoese Crossbowman |
| 26:22 | Create | Genoese Crossbowman |
| 26:23 | Create | Genoese Crossbowman |
| 27:44 | Build | Farm |
| 28:08 | Research | Padded Archer Armor |
| 28:09 | Research | Fletching |
| 28:14 | Create | Villager (Male) |
| 28:14 | Create | Villager (Male) |
| 28:15 | Create | Villager (Male) |
| 28:15 | Create | Villager (Male) |
| 28:15 | Create | Villager (Male) |
| 28:15 | Create | Villager (Male) |
| 28:16 | Create | Villager (Male) |
| 28:33 | Create | Genoese Crossbowman |
| 28:33 | Create | Genoese Crossbowman |
| 28:33 | Age | Imperial Age |
| 28:34 | Create | Genoese Crossbowman |
| 28:34 | Create | Genoese Crossbowman |
| 28:34 | Create | Genoese Crossbowman |
| 28:34 | Create | Genoese Crossbowman |
| 28:34 | Create | Genoese Crossbowman |
| 28:48 | Build | Barracks |
| 29:33 | Create | Villager (Male) |
| 29:33 | Create | Villager (Male) |
| 29:34 | Create | Villager (Male) |
| 29:34 | Create | Villager (Male) |
| 29:34 | Create | Villager (Male) |
| 29:50 | Build | Town Center |
| 30:11 | Create | Genoese Crossbowman |
Match timeline
| 1:11 | ♛ ✩GR✔ ☜.☯.☞ · wall_segment Palisade Wall x10 |
| 1:37 | 东哥 · wall_segment Palisade Wall x13 |
| 2:00 | Twixxo · wall_segment Palisade Wall x1 |
| 2:05 | Twixxo · wall_segment Palisade Wall x12 |
| 4:30 | 东哥 · wall_segment Palisade Wall x9 |
| 10:49 | roman428 · age_up feudal |
| 11:42 | beccTpawHuu · age_up feudal |
| 11:56 | 东哥 · age_up feudal |
| 12:29 | S.T.A.L.K.E.Rочок) · age_up feudal |
| 12:48 | Twixxo · first_building Barracks |
| 12:52 | 东哥 · wall_segment Stone Wall x14 |
| 14:15 | Twixxo · age_up feudal |
| 15:07 | Twixxo · wall_segment Stone Wall x11 |
| 15:13 | Twixxo · wall_segment Stone Wall x16 |
| 16:14 | Twixxo · first_building Archery Range |
| 17:58 | Twixxo · wall_segment Stone Wall x8 |
| 17:59 | 东哥 · first_building Barracks |
| 19:19 | 东哥 · first_building Archery Range |
| 20:12 | beccTpawHuu · age_up castle |
| 20:40 | roman428 · age_up castle |
| 20:41 | S.T.A.L.K.E.Rочок) · first_building Barracks |
| 20:59 | roman428 · first_building Castle |
| 21:14 | beccTpawHuu · first_building Monastery |
| 22:02 | roman428 · first_building Monastery |
| 22:05 | Twixxo · resign |
| 22:14 | S.T.A.L.K.E.Rочок) · first_building Archery Range |
| 23:31 | 东哥 · wall_segment Stone Wall x15 |
| 23:34 | beccTpawHuu · first_building Barracks |
| 23:49 | 东哥 · wall_segment Stone Wall x14 |
| 24:24 | 东哥 · age_up castle |
| 25:06 | roman428 · first_market_buy 100 food |
| 25:18 | 东哥 · first_building Stable |
| 25:35 | S.T.A.L.K.E.Rочок) · age_up castle |
| 25:41 | beccTpawHuu · first_building Stable |
| 25:54 | S.T.A.L.K.E.Rочок) · first_building Monastery |
| 26:44 | S.T.A.L.K.E.Rочок) · first_building Castle |
| 27:53 | beccTpawHuu · age_up imperial |
| 28:24 | beccTpawHuu · first_market_sell 100 food |
| 28:27 | beccTpawHuu · first_market_buy 100 stone |
| 28:33 | roman428 · age_up imperial |
| 28:36 | beccTpawHuu · first_building Castle |
| 28:48 | roman428 · first_building Barracks |
| 30:47 | 东哥 · first_building Castle |
| 32:45 | 东哥 · wall_segment Stone Wall x11 |
| 33:03 | 东哥 · wall_segment Stone Wall x12 |
| 33:19 | roman428 · first_building Archery Range |
| 34:16 | 东哥 · wall_segment Stone Wall x14 |
| 35:21 | 东哥 · age_up imperial |
| 35:49 | S.T.A.L.K.E.Rочок) · first_building Siege Workshop |
| 37:46 | 东哥 · first_building Monastery |
| 44:53 | S.T.A.L.K.E.Rочок) · age_up imperial |
| 52:26 | 东哥 · first_building Siege Workshop |
| 55:16 | 东哥 · wall_segment Stone Wall x9 |
[ AI ANALYSIS · 1 CREDIT ]
What really happened in this match?
Wolo.gg analyzes every decision: build order, eco, micro, common mistakes by bracket. Personalized analysis on WhatsApp or Discord in 30 seconds.
Civ guide
Teutons
Map guide
Black Forest
Perfil
Twixxo